 Dungeon Crawl Stone Soup version 0.25-a0-940-gc6eaff51cc (webtiles) character file.

Game seed: 16513438933566860101, levelgen mode: deterministic

396 Hasart the Shield-Bearer (level 6, -12/38 HPs)
             Began as a Gargoyle Fighter on May 5, 2020.
             Was an Initiate of Okawaru.
             Mangled by an ogre
             ... wielding a +0 giant club
              (14 damage)
             ... on level 4 of the Dungeon.
             The game lasted 00:07:05 (3437 turns).

Hasart the Shield-Bearer (Gargoyle Fighter)         Turns: 3437, Time: 00:07:05

Health: -12/38     AC: 11    Str: 20    XL:     6   Next: 82%
Magic:  15/15      EV:  8    Int:  9    God:    Okawaru [......]
Gold:   109        SH:  9    Dex: 10    Spells: 5/5 levels left

rFire    . . .     SeeInvis .   a - +0 flail
rCold    . . .     Gourm    .   c - +0 kite shield
rNeg     + . .     Faith    .   b - +0 scale mail
rPois    ∞         Spirit   .   (no helmet)
rElec    +         Reflect  .   (no cloak)
rCorr    .         Harm     .   (no gloves)
MR       .....                  (no boots)
Stlth    ..........             (no amulet)
HPRegen  0.12/turn              v - ring of magical power
MPRegen  0.14/turn              (no ring)

@: no status effects
A: negative energy resistance 1, electricity resistance, unbreathing,
petrification resistance, rot immunity, AC +4
a: Renounce Religion


You were on level 4 of the Dungeon.
You worshipped Okawaru.
Okawaru was noncommittal.
You were not hungry.

You visited 2 branches of the dungeon, and saw 5 of its levels.

You collected 109 gold pieces.

Inventory:

Hand Weapons
 a - a +0 flail (weapon)
Missiles
 s - 5 boomerangs (quivered)
Armour
 b - a +0 scale mail (worn)
 c - a +0 kite shield (worn)
 k - a +0 plate armour
Jewellery
 g - an uncursed ring of fire
 v - a ring of magical power (left hand)
Wands
 w - a wand of paralysis (14)
Scrolls
 h - 3 scrolls of remove curse {unknown}
 i - 4 scrolls of teleportation {unknown}
 j - 3 scrolls of amnesia {unknown}
 l - a scroll of enchant armour {unknown}
 n - 3 scrolls of fear {unknown}
 o - 8 scrolls of identify {unknown}
 r - a scroll of immolation {unknown}
 t - a scroll of noise {unknown}
 x - a scroll of magic mapping {unknown}
Potions
 d - 2 potions of might
 e - 2 potions of heal wounds {unknown}
 p - a potion of flight {unknown}
 q - 2 potions of mutation {unknown}
 u - a potion of stabbing {unknown}
Comestibles
 f - 13 rations
 m - 3 chunks of flesh


   Skills:
 + Level 4.3 Fighting
 * Level 4.1 Maces & Flails
 + Level 1.3 Throwing
 + Level 4.3 Armour
 + Level 1.7 Dodging
 + Level 4.4 Shields
 + Level 1.1 Invocations


You had 5 spell levels left.
You didn't know any spells.
Your spell library was empty.

Dungeon Overview and Level Annotations

Branches:
Dungeon (4/15)             Temple (1/1) D:4

Altars:
Ashenzari
Dithmenos
Elyvilon
Fedhas
Makhleb
Okawaru
Sif Muna
Trog
Vehumet
Wu Jian

Annotations:
D:4 3 runed translucent doors, psellion's ghost, novice MiAM


Innate Abilities, Weirdness & Mutations

You are resistant to torment.
Your stone body is resilient. (AC +4)
You are immune to poison.
You resist negative energy. (rN+)
You are resistant to electric shocks. (rElec)
You can survive without breathing.
You are immune to petrification.
You are immune to rotting.


Message History

* * * LOW HITPOINT WARNING * * *
You are too injured to fight recklessly!
You are too injured to fight recklessly!
You are too injured to fight recklessly!
You are too injured to fight recklessly!
You are too injured to fight recklessly!
You are too injured to fight recklessly!
You are too injured to fight recklessly!
You are too injured to fight recklessly!
You are too injured to fight recklessly!
You are too injured to fight recklessly!
You are too injured to fight recklessly!
You hit the ogre but do no damage.
The ogre is severely wounded.
The ogre hits you with a +0 giant club!
* * * LOW HITPOINT WARNING * * *
You completely miss the ogre.
The ogre is severely wounded.
The ogre hits you with a +0 giant club!
You die...

..#....W#....## ........
..#######....# .........
.........##### .........
.........# ##.........
.........# ............
.........# .............
....)....#..............
#####....# ..........
#.@O.# .........
................##...#+#.
................ #...#.#.
................ #...#.#.
#............... +...'...
#...............##...####
#...............#....'...
#...............#....####
#....# ##


You could see an ogre.

Vanquished Creatures
  A centaur skeleton (D:4)
  2 orc priests (D:4)
  2 hounds (D:4)
  2 orc wizards (D:4)
  A worker ant (D:4)
  A hound skeleton (D:4)
  7 adders
  2 oozes
  2 worms (D:4)
  A dart slug (D:3)
  2 leopard geckos
  7 orcs
  8 bats
  3 giant cockroaches
  5 goblins
  7 hobgoblins
  3 jackals (D:4)
  A quokka (D:3)
  2 ball pythons
  3 frilled lizards
  7 kobolds
  11 rats
80 creatures vanquished.

Notes
Turn   | Place    | Note
-------+----------+-------------------------------------------
     0 | D:1      | Hasart the Gargoyle Fighter began the quest for the Orb.
     0 | D:1      | Reached XP level 1. HP: 14/14 MP: 1/1
   304 | D:1      | Reached XP level 2. HP: 19/19 MP: 2/2
   800 | D:2      | Reached XP level 3. HP: 17/23 MP: 3/3
   893 | D:2      | Found a shadowy altar of Dithmenos.
  1073 | D:2      | Reached skill level 1 in Dodging
  1467 | D:3      | Reached XP level 4. HP: 14/29 MP: 4/4
  2302 | D:3      | Reached XP level 5. HP: 33/33 MP: 5/5
  2717 | D:4      | Found a staircase to the Ecumenical Temple.
  2722 | Temple   | Entered the Ecumenical Temple
  2730 | Temple   | Became a worshipper of Warmaster Okawaru
  2746 | D:4      | Reached XP level 6. HP: 38/38 MP: 6/6
  2817 | D:4      | Reached skill level 1 in Throwing
  3290 | D:4      | Reached skill level 1 in Invocations
  3408 | D:4      | Found a runed translucent gate.
  3408 | D:4      | Found a runed translucent gate.
  3408 | D:4      | Found a runed translucent gate.
  3412 | D:4      | Noticed psellion's ghost (novice MiAM)
  3437 | D:4      | Mangled by an ogre

Levels and vault maps discovered:
D:1:      minmay_arrival_shattered_statue, layout_loops_ring
D:2:      layout_rooms, grunt_dithmenos_smoke_and_mirrors, first_ration
D:3:      layout_basic, minmay_misc_feat_secret_circle
D:4:      layout_basic, minmay_temple_entry_tees, ebering_ghost_rock_garden
Temple:   eino_narrow_crystal_temple

Skill      XL: |  1  2  3  4  5  6 |
---------------+-------------------+-----
Dodging        | 1 |  1.7
Maces & Flails | 3 4 |  4.1
Shields        | 4 |  4.4
Fighting       | 4 |  4.3
Armour         | 4 |  4.3
Throwing       | 1 |  1.3
Invocations    | 1 |  1.1

Action                   |  1- 3 |  4- 6 || total
-------------------------+-------+-------++-------
Melee: Flail             |   182 |   213 ||   395
  Eat: Chunk             |     2 |     7 ||     9
Armor: Scale mail        |   115 |   131 ||   246
Dodge: Dodged            |    62 |    80 ||   142
Block: Kite shield       |    99 |   137 ||   236

Table legend:
 A = Non-vault XP
 B = Vault XP
 C = Vault XP percentage of total XP
 D = Non-vault monster count
 E = Vault monster count
 F = Vault count percentage of total count
                 A         B        C        D         E       F
            +---------+---------+-------+---------+---------+-------
      Total |     566 |       0 |   0.0 |      80 |       0 |   0.0
            +---------+---------+-------+---------+---------+-------
        D:1 |      18 |       0 |   0.0 |      12 |       0 |   0.0
        D:2 |      62 |       0 |   0.0 |      22 |       0 |   0.0
        D:3 |      94 |       0 |   0.0 |      24 |       0 |   0.0
        D:4 |     392 |       0 |   0.0 |      22 |       0 |   0.0
            +---------+---------+-------+---------+---------+-------
